AoeStats
← Ligrete

Pilgrims

509486818Analyzed
2v2 RM · 5d ago on Sep 26, 2026· 43m 29s· 4 players
Game mode
Random Map
Map size
Medium (4 player)
Population
200
Speed
Normal
Resources
Standard
Victory
Conquest
Starting age
Dark Age
Ending age
Imperial Age
RankedLock teamsTeams togetherTeam positionsShared explorationLock speedFull tech treeHidden civsTurbo modeCheats
Victory
Defeat
🇺🇸 Georgians · United States
1100
+18
🇷🇺 Sicilians · Russia
1088
+19
🇺🇸 Jurchens · United States
1183
-20
🇺🇸 Koreans · United States
1109
-17
ing.alexander02
7:11 Loom
9:56 Feudal Age
11:30 Double-Bit Axe
11:28 Horse Collar
13:32 Wheelbarrow
16:55 Castle Age
15:08 Scale Barding Armor
17:14 Forging
18:24 Fletching
19:15 Bodkin Arrow
21:29 Chain Barding Armor
31:29 Gambesons
Ligrete
8:40 Loom
11:32 Feudal Age
15:36 Castle Age
14:34 Town Watch
15:40 Stone Mining
17:22 Squires
17:12 Horse Collar
20:49 Fletching
22:18 Bodkin Arrow
32:16 Scale Mail Armor
37:08 Wheelbarrow
40:43 Heavy Plow
slenderstalker2025
7:09 Loom
9:40 Feudal Age
10:19 Double-Bit Axe
16:43 Castle Age
17:33 Medium Warships
19:58 Fishing Lines
23:48 Padded Archer Armor
27:34 Gillnets
28:28 Siege Engineers
30:00 Horse Collar
32:15 Murder Holes
32:11 Fletching
36:16 Wheelbarrow
40:21 Bow Saw
RecoilGargoyle
10:12 Feudal Age
12:34 Double-Bit Axe
12:30 Horse Collar
16:09 Castle Age
19:22 Thumb Ring
23:08 Forging
22:52 Fletching
23:06 Loom
24:07 Bodkin Arrow
24:03 Arson
30:27 Scale Mail Armor
33:21 Ballistics
32:44 Horse Collar
Connection lost

Rejoining the realm…

Still unreachable

The connection could not be restored.

Session expired

The server has moved on; the page needs a fresh start.